Map: Odyssey LE

Players

TWillG - Winner!

  • Race: Protoss Protoss
  • League: Gold
  • Spawn Location: 11:00

jesson

  • Race: Zerg Zerg
  • League: Grandmaster
  • Spawn Location: 5:00

VOD

Have the link to the VOD?

Description

Time

  • Played on: Aug. 3, 2017, 1:42 a.m.
  • Length: 10:20
Show
View Real Time Build Order
Export as new Build Order

TWillG Protoss - Winner!

Build Orders: Oracle Opening 

Get SALT Encoding   

  12  0:01  Probe (Chrono Boost)  
  13  0:12  Probe (Chrono Boost)  
  14  0:20  Pylon  
  14  0:25  Probe (Chrono Boost)  
  15  0:29  Assimilator  
  15  0:39  Probe (Chrono Boost)  
  16  0:49  Gateway  
  16  0:53  Probe (Chrono Boost)  
  17  1:03  Probe (Chrono Boost)  
  18  1:09  Pylon  
  18  1:14  Probe (Chrono Boost)  
  19  1:24  Probe (Chrono Boost)  
  20  1:40  Cybernetics Core  
  20  1:47  Nexus  
  20  1:54  Probe (Chrono Boost)  
  21  2:05  Probe (Chrono Boost)  
  22  2:19  Stargate  
  22  2:24  Assimilator  
  22  2:26  Warp Gate (Chrono Boost)  
  22  2:51  Adept  
  24  3:02  Probe (Chrono Boost)  
  25  3:09  Oracle (Chrono Boost)  
  28  3:17  Pylon  
  28  3:31  Probe, Gateway  
  28  3:33  Probe, Gateway  
  30  3:36  Gateway  
  30  3:38  Gateway  
  30  3:41  Probe  
  30  3:45  Probe (Chrono Boost)  
  32  3:53  Probe (Chrono Boost)  
  33  3:58  Mothership Core (Chrono Boost)  
  35  4:05  Twilight Council  
  32  4:39  Probe x2 (Chrono Boost), Forge  
  32  4:43  Charge (Chrono Boost), Adept  
  36  4:49  Probe x2 (Chrono Boost)  
  38  5:00  Zealot x4  
  46  5:17  Phoenix (Chrono Boost)  
  48  5:21  Protoss Ground Weapons Level 1  
  48  5:24  Probe  
  48  5:25  Probe  
  48  5:28  Assimilator  
  50  5:31  Assimilator  
  50  5:36  Pylon  
  50  5:39  Pylon  
  50  5:40  Pylon  
  50  5:47  Pylon  
  50  5:48  Robotics Facility  
  50  5:50  Pylon  
  50  5:54  Stargate  
  51  6:04  Probe x2  
  52  6:16  Probe x2, Zealot x5  
  64  6:32  Probe x2  
  66  6:38  Zealot x4  
  74  6:41  Zealot  
  74  6:44  Probe x2  
  78  6:56  Probe x2  
  78  6:58  Fleet Beacon  
  80  7:02  Photon Cannon  
  80  7:07  Photon Cannon  
  64  7:33  Warp Prism  
  66  7:37  Void Ray (Chrono Boost)  
  66  7:41  Void Ray (Chrono Boost)  
  72  8:06  Graviton Catapult  
  72  8:12  Protoss Air Weapons Level 1  
  58  8:33  Carrier (Chrono Boost)  
  58  8:34  Carrier (Chrono Boost)  
  70  8:51  Zealot x4  
  70  8:52  Zealot  
  70  8:53  Nexus  
  80  8:55  Pylon  
  80  8:56  Pylon  
  80  8:59  Pylon  
  80  9:00  Pylon  
  70  9:41  Zealot x5  
  88  10:07  Zealot x4  
  88  10:08  Zealot  
Show
View Real Time Build Order
Export as new Build Order

jesson Zerg 

Build Orders: Hatch First 

Get SALT Encoding   

  12  0:02  Drone  
  13  0:15  Overlord  
  13  0:17  Drone  
  14  0:35  Drone x2  
  16  0:45  Drone  
  18  0:57  Drone  
  18  1:06  Drone  
  18  1:09  Hatchery, Overlord  
  18  1:30  Drone  
  19  1:38  Drone  
  20  1:41  Extractor  
  20  1:44  Spawning Pool  
  18  1:48  Drone  
  19  1:59  Drone  
  20  2:03  Drone  
  21  2:19  Drone  
  22  2:23  Drone  
  22  2:28  Drone  
  24  2:32  Queen  
  24  2:33  Drone  
  24  2:36  Drone  
  28  2:40  Queen  
  28  2:42  Overlord  
  30  2:44  Metabolic Boost  
  30  2:46  Drone  
  31  2:55  Zergling x2  
  31  2:57  Zergling x2  
  33  3:09  Zergling x2  
  33  3:10  Zergling x2  
  35  3:18  Zergling x4  
  37  3:28  Drone  
  37  3:32  Drone  
  38  3:35  Extractor  
  38  3:38  Roach Warren  
  36  3:44  Drone  
  37  3:52  Drone x4  
  37  3:54  Lair  
  41  4:05  Zergling x2  
  41  4:12  Baneling Nest  
  41  4:17  Hatchery  
  29  4:27  Drone x4  
  29  4:28  Drone x2  
  29  4:29  Drone  
  29  4:30  Drone x2  
  29  4:31  Drone  
  37  4:47  Drone x2  
  39  4:55  Hydralisk Den  
  38  5:01  Spore Crawler  
  38  5:02  Centrifical Hooks  
  38  5:04  Spore Crawler, Zergling x8  
  38  5:05  Zergling x2  
  41  5:16  Drone  
  42  5:24  Hydralisk  
  42  5:27  Overlord x2  
  44  5:35  Baneling x6  
  44  5:36  Drone  
  44  5:37  Drone  
  44  5:42  Drone x2  
  48  5:54  Queen  
  48  5:56  Hydralisk  
  50  5:57  Hydralisk  
  50  6:00  Overlord  
  54  6:14  Queen  
  54  6:16  Drone x2  
  54  6:17  Drone  
  59  6:19  Drone x2  
  59  6:20  Drone  
  62  6:26  Muscular Augments  
  62  6:47  Hydralisk x3  
  68  6:58  Drone x2  
  68  6:59  Drone x4  
  74  7:06  Overlord  
  74  7:07  Overlord  
  74  7:13  Hatchery  
  73  7:17  Hydralisk x3  
  55  7:33  Zergling x2  
  55  7:34  Zergling x20  
  55  7:35  Hydralisk  
  58  7:40  Zergling x2  
  58  7:41  Zergling x2  
  50  7:50  Zergling x6  
  49  7:56  Baneling x5  
  40  8:10  Roach x2, Zergling x2  
  40  8:11  Roach  
  40  8:12  Zergling x2  
  41  8:16  Drone x2  
  41  8:17  Drone  
  42  8:22  Drone x2  
  44  8:27  Roach  
  44  8:33  Drone  
  47  8:36  Drone  
  48  8:45  Roach x2  
  48  8:46  Roach  
  48  8:47  Zergling x2  
  55  8:53  Hydralisk  
  55  8:54  Drone  
  58  9:01  Hydralisk, Spore Crawler  
  59  9:04  Hydralisk  
  58  9:12  Baneling  
  58  9:13  Baneling  
  47  9:18  Zergling x8  
  47  9:19  Zergling x4  
  47  9:22  Drone  
  45  9:38  Hydralisk x2  
  40  9:41  Queen  
  46  10:13  Spore Crawler  
Tags
 
Add a new tag
Caveats
  • Supply blocks, unpowered buildings, or Contaminate may cause inaccurate times.
  • Supply counts are checked every 10 seconds.